 Dungeon Crawl Stone Soup version 0.28-a0-655-g4eb62b627b (webtiles) character file.

Game seed: 7183701858619704480

27320 ytrimaz the Tortoise (level 13, -3/114 HPs)
             Began as a Minotaur Berserker on Oct 12, 2021.
             Was an Elder of Trog.
             Killed by divine providence
             ... invoked by an orc priest
              (15 damage)
             ... on level 2 of the Orcish Mines.
             The game lasted 00:30:42 (15028 turns).

ytrimaz the Tortoise (Minotaur Berserker)          Turns: 15028, Time: 00:30:43

Health: -3/114     AC: 20    Str: 31    XL:     13   Next: 3%
Magic:  12/12      EV:  7    Int:  4    God:    Trog [****..]
Gold:   2274       SH:  0    Dex:  9    Spells: 12/12 levels left

rFire   . . .      SeeInvis .   D - +0 hand axe (elec)
rCold   . . .      Faith    .   i - +1 tower shield
rNeg    . . .      Spirit   .   k - +0 plate armour
rPois   +          Reflect  .   (helmet restricted)
rElec   .          Harm     .   (no cloak)
rCorr   .          Rampage  .   (no gloves)
Will    .....                   r - +2 pair of boots "Fegodof" {rPois Regen+ Dex-3}
Stlth   ..........              (no amulet)
HPRegen 1.29/turn               a - +6 ring of strength
MPRegen 0.13/turn               (no ring)

@: confused
A: horns 2, retaliatory headbutt
a: Renounce Religion, Berserk, Trog's Hand, Brothers in Arms


You were on level 2 of the Orcish Mines.
You worshipped Trog.
Trog was greatly pleased with you.
You visited 2 branches of the dungeon, and saw 14 of its levels.
You also visited: Sewer.

You collected 2274 gold pieces.

Inventory:

Hand Weapons
 e - a +5 hand axe
 C - a +3 antimagic hand axe
 D - a +0 hand axe of electrocution (weapon)
 E - a +3 antimagic battleaxe
Missiles
 j - 3 throwing nets (quivered)
Armour
 i - a +1 tower shield (worn)
 k - a +0 plate armour (worn)
 r - the +2 pair of boots "Fegodof" (worn) {rPois Regen+ Dex-3}
   (You acquired it on level 6 of the Dungeon)

   Dex:       It affects your dexterity (-3).
   rPois:     It protects you from poison.
   Regen:     It increases your rate of health regeneration.
Jewellery
 a - a +6 ring of strength (left hand)
Wands
 n - a wand of mindburst (16)
 y - a wand of paralysis (11)
 F - a wand of iceblast (31)
Scrolls
 c - a scroll of enchant weapon
 s - 4 scrolls of fog
 v - 2 scrolls of magic mapping
 G - 5 scrolls of teleportation
Potions
 d - 5 potions of might
 f - 2 potions of berserk rage
 g - 2 potions of cancellation
 h - a potion of heal wounds
 o - 2 potions of lignification
 p - 3 potions of curing
 q - a potion of flight {unknown}
 u - 4 potions of magic
 w - 3 potions of haste
 x - a potion of experience {unknown}
 z - 2 potions of ambrosia {unknown}
 A - 2 potions of brilliance {unknown}
 B - a potion of mutation {unknown}


   Skills:
 + Level 10.7 Fighting
 + Level 13.4 Axes
 * Level 15.0 Armour
 - Level 2.9 Dodging
 + Level 14.5 Shields


You had 12 spell levels left.
You didn't know any spells.
Your spell library was empty.

Dungeon Overview and Level Annotations

Branches:
Dungeon (12/15)            Temple (0/1) D:5            Lair (0/6) D:11
    Orc (2/2) D:10          Sewer (visited)
    Elf: Orc:2

Altars:
Dithmenos
Elyvilon
Fedhas
Gozag
Nemelex Xobeh
Vehumet

Shops:
D:6 (   D:7 *   D:9 (

Portals:
Trove: D:12 (give 7 scrolls of fear)

Annotations:
D:12 2 transporters, a11behringer's ghost, journeyman MiFi


Innate Abilities, Weirdness & Mutations

You have a pair of horns on your head.
You reflexively headbutt those who attack you in melee.


Message History

The orc priest invokes the aid of Beogh against you.
You resist with significant effort.
The orc sorcerer gestures at you while chanting.
The bolt of fire hits your two-headed ogre!!
The bolt of fire hits you!!
* * * LOW HITPOINT WARNING * * *
An orc warrior comes into view. It is wielding a +0 short sword.
The orc wizard gestures wildly while chanting.
The orc wizard flickers and vanishes!
The orc priest invokes the aid of Beogh against you.
Pain shoots through your body!
* * * LOW HITPOINT WARNING * * *
The orc sorcerer gestures at you while chanting.
An orc priest comes into view. It is wielding a +0 war axe.
The orc wizard points at you and mumbles some strange words.
You are confused.
An orc comes into view.
It is wielding a +0 short sword and wearing a +0 leather armour of fire resistance.
The orc sorcerer gestures at you while chanting.
An orc sorcerer comes into view.
It is wielding a +0 dagger and wearing a +2 robe of cold resistance.
You can move again.
Items here: ))) [[.
The orc sorcerer points at you and mumbles some strange words.
The bolt of fire hits your two-headed ogre!!!
The bolt of fire hits the orc priest!!
The orc priest dies!
The bolt of fire hits you!
* * * LOW HITPOINT WARNING * * *
Things that are here:
a +0 club; an orc corpse You are too confused!
Unknown command.
Something hits your two-headed ogre.
The orc sorcerer hits your two-headed ogre with a +0 dagger.
Things that are here:
a +0 mace; an orc corpse You're too confused to move!
The orcs go into a battle-frenzy!
The orc priest calls down the wrath of Beogh upon you.
Beogh smites you!
You die...

###.......
###.#..................
##.......................
#....#...................
.^..#....................
...))#)..................
.....)...................
.#.)))...................
###....#........@........
#.............)o.......
#....#..#####))#o....#.
#....#...# ##.#..O..#
........#.## ###8.o.8#
#.#.##.####


ooooo# ##.. #.# o.o..# ##. ... ....... ...# ..o.... You could see 2 orc
sorcerers, 3 orc warriors, an orc priest (strong), an orc wizard (strong), an
orc (strong) and a friendly two-headed ogre (summoned, berserk, paralysed).

Vanquished Creatures
  A two-headed ogre (D:10)
  A death knight (D:12)
  Urug (D:12)
  4 skeletal warriors (D:12)
  An orc knight (Orc:2)
  An orc sorcerer (Orc:2)
  An ugly thing (D:12)
  3 cyclopes
  8 slime creatures
  Joseph (D:7)
  Maggie (D:7)
  A gargoyle (D:11)
  An unseen horror (D:10)
  3 freezing wraiths (D:12)
  3 trolls
  Prince Ribbit (D:7)
  Sigmund (D:4)
  A wraith (D:12)
  16 yaks
  2 wyverns
  2 vampire mosquitoes (D:11)
  2 steam dragons
  Grum (D:8)
  2 water moccasins (D:8)
  Duvessa (D:4)
  2 ice beasts
  2 sky beasts
  3 black bears
  A necrophage (D:3)
  16 orc warriors
  4 wolves (D:7)
  9 centaurs
  7 ogres
  Blork the orc (D:6)
  A kobold brigand (D:8)
  2 bullfrogs (Sewer)
  5 gnoll sergeants
  Dowan (D:4)
  A water moccasin zombie (D:5)
  A scorpion (D:7)
  A water moccasin skeleton (D:5)
  3 wights (D:5)
  13 killer bees
  2 howler monkeys (D:12)
  2 centaur zombies
  2 hounds
  4 jellies
  11 orc priests
  3 iguanas
  A bullfrog skeleton (D:7)
  2 gnoll shamans
  13 orc wizards
  2 killer bee zombies
  A hound skeleton (D:4)
  A howler monkey zombie (D:10)
  34 gnolls
  5 river rats (Sewer)
  13 adders
  A shadow imp (D:4)
  A white imp (D:5)
  An adder skeleton (D:4)
  4 worms
  3 dart slugs
  73 orcs
  14 ball pythons
  3 bats
  7 endoplasms
  5 giant cockroaches
  4 goblins
  8 hobgoblins
  13 jackals
  6 quokkas
  8 frilled lizards
  8 kobolds
  25 rats
413 creatures vanquished.

Vanquished Creatures (collateral kills)
  2 hydras
  A boulder beetle (D:12)
  2 two-headed ogres
  An orc high priest (Orc:2)
  A skeletal warrior (D:12)
  A phantasmal warrior (D:12)
  A hornet (D:9)
  Menkaure (D:5)
  3 orc warriors
  An ogre (Orc:2)
  A wight (D:5)
  An orc priest (D:9)
  2 orc wizards
  An orc (D:9)
19 creatures vanquished.

Vanquished Creatures (others)
  An orc priest (Orc:2)
1 creature vanquished.

Grand Total: 433 creatures vanquished

Notes
Turn   | Place    | Note
-------+----------+-------------------------------------------
     0 | D:1      | ytrimaz the Minotaur Berserker began the quest for the Orb.
     0 | D:1      | Reached XP level 1. HP: 19/19 MP: 0/0
   271 | D:1      | Reached XP level 2. HP: 27/27 MP: 1/1
   480 | D:1      | Reached XP level 3. HP: 33/33 MP: 2/2
   563 | D:1      | Found a faded altar of an unknown god.
   573 | D:1      | Reached ** piety under Trog
  1047 | D:2      | Reached skill level 3 in Armour
  1898 | D:3      | Reached XP level 4. HP: 23/41 MP: 3/3
  2407 | D:3      | Reached skill level 5 in Axes
  2539 | D:3      | Reached skill level 1 in Shields
  2539 | D:3      | Reached XP level 5. HP: 47/47 MP: 4/4
  2546 | D:3      | Reached *** piety under Trog
  2789 | D:3      | Found a shadowy altar of Dithmenos.
  2866 | D:3      | Noticed a necrophage
  2890 | D:3      | Killed a necrophage
  2891 | D:3      | Reached skill level 4 in Armour
  2891 | D:3      | Reached XP level 6. HP: 27/53 MP: 5/5
  3490 | D:4      | Noticed Duvessa
  3490 | D:4      | Noticed Dowan
  3505 | D:4      | Killed Duvessa
  3511 | D:4      | Killed Dowan
  3601 | D:4      | Noticed Sigmund
  3613 | D:4      | Killed Sigmund
  3614 | D:4      | Reached skill level 5 in Fighting
  3614 | D:4      | Reached skill level 5 in Armour
  3614 | D:4      | Reached XP level 7. HP: 39/61 MP: 6/6
  4173 | D:4      | Reached skill level 6 in Armour
  4720 | D:5      | Entered Level 5 of the Dungeon
  4757 | D:5      | Found a white marble altar of Elyvilon.
  4767 | D:5      | Reached **** piety under Trog
  4887 | D:5      | Reached XP level 8. HP: 68/69 MP: 7/7
  4897 | D:5      | Found a staircase to the Ecumenical Temple.
  4949 | D:5      | Reached skill level 5 in Shields
  5486 | D:5      | Identified the +0 leather armour of Ipriomna {Int+4 SInv
                  | Stlth-}
  5532 | D:5      | Reached skill level 7 in Armour
  5704 | D:5      | Noticed Menkaure
  5712 | D:5      | Killed Menkaure
  6092 | D:6      | Noticed Blork the orc
  6092 | D:6      | Found Qasmijig's Weapon Emporium.
  6098 | D:6      | Killed Blork the orc
  6232 | D:6      | Found a radiant altar of Vehumet.
  6546 | D:6      | Reached XP level 9. HP: 64/75 MP: 8/8
  6695 | D:6      | Found a glowing drain.
  6719 | Sewer    | Entered a sewer
  6945 | Sewer    | Reached ***** piety under Trog
  7019 | Sewer    | Reached skill level 8 in Armour
  7061 | D:6      | Identified 2 scrolls of acquirement
  7061 | D:6      | Acquired the +2 pair of boots "Fegodof" {rPois Regen+
                  | Dex-3}
  7081 | D:6      | Acquired 1072 gold pieces
  7434 | D:6      | Found an opulent altar of Gozag.
  7606 | D:7      | Noticed Maggie
  7639 | D:7      | Killed Maggie
  7887 | D:7      | Found a blossoming altar of Fedhas.
  7889 | D:7      | Found a sparkling altar of Nemelex Xobeh.
  8004 | D:7      | Noticed Joseph
  8026 | D:7      | Killed Joseph
  8027 | D:7      | Reached skill level 9 in Armour
  8032 | D:7      | Reached skill level 10 in Axes
  8181 | D:7      | Reached XP level 10. HP: 86/86 MP: 9/9
  8204 | D:7      | Noticed Prince Ribbit
  8338 | D:7      | Killed Prince Ribbit
  8626 | D:7      | Found Hiraim's Serpentskin Sales.
  8921 | D:7      | Reached skill level 10 in Shields
  8932 | D:8      | Noticed Grum
  9065 | D:8      | Killed Grum
  9086 | D:8      | Reached skill level 10 in Armour
  9770 | D:9      | Paralysed by a hornet for 1 turns
  9774 | D:9      | Noticed a two-headed ogre
  9797 | D:9      | Killed a two-headed ogre
  9802 | D:9      | Received a gift from Trog
 10247 | D:9      | Reached XP level 11. HP: 71/95 MP: 10/10
 10416 | D:9      | Found Ibbimy's Weapon Emporium.
 10591 | D:10     | Entered Level 10 of the Dungeon
 10834 | D:10     | Found a staircase to the Orcish Mines.
 11070 | D:10     | Reached skill level 11 in Armour
 11170 | D:10     | Noticed a two-headed ogre
 11177 | D:10     | Killed a two-headed ogre
 11550 | D:11     | Found a staircase to the Lair.
 11898 | D:11     | Reached skill level 12 in Armour
 12305 | D:12     | Noticed a two-headed ogre
 12305 | D:12     | Noticed a six-headed hydra
 12306 | D:12     | Noticed a boulder beetle
 12313 | D:12     | Killed a two-headed ogre
 12314 | D:12     | Killed a six-headed hydra
 12333 | D:12     | Killed a boulder beetle
 12651 | D:11     | Reached XP level 12. HP: 105/105 MP: 11/11
 12731 | D:12     | Received a gift from Trog
 12817 | D:12     | Reached skill level 13 in Armour
 13046 | D:12     | Noticed Urug
 13052 | D:12     | Killed Urug
 13125 | D:12     | Noticed an eight-headed hydra
 13275 | D:11     | Killed an eight-headed hydra
 13276 | D:11     | Reached skill level 10 in Fighting
 13611 | D:12     | Found a transporter.
 13613 | D:12     | Found a transporter.
 13618 | D:12     | Noticed a boulder beetle
 13619 | D:12     | Noticed a death knight
 13620 | D:12     | Noticed a11behringer's ghost (journeyman MiFi)
 13695 | D:12     | Noticed a death knight
 13756 | D:12     | Reached skill level 14 in Armour
 13798 | D:12     | Killed a death knight
 14029 | D:12     | Noticed a two-headed ogre
 14231 | D:12     | Found a portal to a secret trove of treasure.
 14413 | Orc:1    | Entered Level 1 of the Orcish Mines
 14826 | Orc:2    | Entered Level 2 of the Orcish Mines
 14983 | Orc:2    | Noticed an orc high priest
 15004 | Orc:2    | HP: 4/108 [smoke demon/divine providence[an orc high
                  | priest] (15)]
 15006 | Orc:2    | Killed an orc high priest
 15007 | Orc:2    | Reached XP level 13. HP: 35/114 MP: 12/12
 15017 | Orc:2    | Reached skill level 15 in Armour
 15019 | Orc:2    | Paralysed by an orc sorcerer for 6 turns
 15028 | Orc:2    | Killed from afar by an orc priest

Illustrated notes

Levels and vault maps discovered:
D:1:      mainiacjoe_arrival_reflecting_pool, layout_basic,
          hellmonk_ecumenical_altar_arch_garden, chequers_serial_rivers_small_3
D:2:      layout_loops_corners
D:3:      layout_basic, nicolae_dithmenos_the_darkroom,
          minmay_misc_feat_diagonals
D:4:      layout_rooms, kennysheep_cross_bottleneck, uniq_sigmund, uniq_duvessa
D:5:      layout_basic, elyvilon_altar_4, minmay_temple_entry_sparse_star,
          uniq_menkaure
D:6:      layout_loops_ring, nicolae_gozag_cash_rules_everything_around_me,
          vehumet_crystals, portal_sewer_entry_f, serial_shops,
          nicolae_stop_n_shop_2, nrook_campfire, minmay_tree_intersection,
          uniq_blork_the_orc
D:7:      layout_basic, minitemple, guppyfry_shop_venom, uniq_maggie,
          uniq_prince_ribbit1, uniq_joseph
D:8:      layout_cave_pools, uniq_grum
D:9:      layout_gridville, serial_shops, nicolae_shop_trees
D:10:     layout_basic, orc_0_dummy, patterned_corridor
D:11:     layout_irregular_city, lair_entry_dummy, minivault_24, minivault_5
D:12:     layout_loops_corners, nzn_ghost_randoct, nicolae_trove_entry_diagonal,
          uniq_urug
Orc:1:    layout_caves, basic_altar
Orc:2:    grunt_orc_cross, layout_caves, special_room, nooodl_orcs_dogs

Skill      XL: |  1  2  3  4  5  6  7  8  9 10 11 12 13 |
---------------+----------------------------------------+-----
Axes           | 4 5 6 7 8 10 11 12 13 | 13.4
Fighting       | 4 5 6 7 8 9 10 | 10.7
Armour         | 3 4 5 6 7 9 10 12 14 15 | 15.0
Shields        | 1 2 3 4 6 9 11 13 14 | 14.5
Dodging        | |  2.9

Action                   |  1- 3 |  4- 6 |  7- 9 | 10-12 | 13-15 || total
-------------------------+-------+-------+-------+-------+-------++-------
Melee: Hand axe          |    81 |    77 |   314 |   693 |     5 ||  1170
       Headbutt          |     9 |    12 |    62 |   183 |     3 ||   269
Throw: Throwing net      |       |       |       |     3 |       ||     3
Invok: Berserk           |     3 |     3 |     8 |     7 |       ||    21
       Trog's Hand       |       |       |     3 |     1 |       ||     4
       Brothers in Arms  |       |       |     2 |     9 |       ||    11
  Use: Scroll            |     1 |     4 |    12 |     8 |       ||    25
       Potion            |       |       |     5 |     3 |       ||     8
Armor: Animal skin       |    13 |     8 |       |       |       ||    21
       Ring mail         |       |    16 |   123 |    71 |       ||   210
       Plate armour      |       |       |       |   252 |       ||   252
Dodge: Dodged            |    65 |    23 |   107 |   173 |       ||   368
Block: Tower shield      |    17 |    43 |   301 |   754 |     3 ||  1118

Table legend: (Time is in decaauts)
 A = Elapsed time spent in this place.
 B = Non-inter-level travel time spent in this place.
 C = Inter-level travel time spent in this place.
 D = Time resting spent in this place.
 E = Time spent auto-exploring this place.
 F = Levels seen in this place.
 G = Mean time per level.
                   A        B        C        D        E       F      G
               +--------+--------+--------+--------+--------+-----+--------+
         Total |  15371 |  15063 |    308 |   2453 |   8826 |  15 | 1024.7 |
       Dungeon |  14370 |  14073 |    297 |   2363 |   8387 |  12 | 1197.5 |
  Orcish Mines |    607 |    596 |     11 |     89 |    233 |   2 |  303.5 |
         Sewer |    394 |    394 |      0 |      0 |    206 |   1 |  394.0 |
               +--------+--------+--------+--------+--------+-----+--------+

Top non-repeatable levels by time:
    D:12: 1733 daAuts
     D:3: 1645 daAuts
     D:7: 1493 daAuts
     D:5: 1423 daAuts
     D:4: 1297 daAuts
     D:6: 1202 daAuts
    D:11: 1176 daAuts
     D:9: 1058 daAuts
     D:1: 995 daAuts
    D:10: 928 daAuts
     D:2: 901 daAuts
     D:8: 514 daAuts
   Orc:1: 402 daAuts
   Sewer: 394 daAuts
   Orc:2: 204 daAuts
